 Dungeon Crawl Stone Soup version 0.24-a0-434-gd57e52fea8 (webtiles) character file.

Game seed: 15157549791658180560

4596 oros the Commander (level 10, -2/114 HPs)
             Began as a Demonspawn Gladiator on June 15, 2019.
             Was a High Priest of Okawaru.
             Slain by a deep troll (shapeshifter) (9 damage)
             ... on level 8 of the Dungeon.
             The game lasted 00:19:05 (10225 turns).

oros the Commander (Demonspawn Gladiator)          Turns: 10225, Time: 00:19:07

Health: -2/114     AC: 25    Str: 19    XL:     10   Next: 19%
Magic:  14/14      EV:  2    Int: 13    God:    Okawaru [*****.]
Gold:   58         SH:  0    Dex: 14    Spells: 9/9 levels left

rFire    . . .     SeeInvis .   a - +2 war axe
rCold    . . .     Gourm    .   (no shield)
rNeg     + + +     Faith    .   (armour currently unavailable)
rPois    +         Spirit   .   (helmet currently unavailable)
rElec    .         Reflect  .   (cloak currently unavailable)
rCorr    .         Harm     .   (gloves currently unavailable)
MR       .....     NoTele   +   (boots currently unavailable)
Stlth    +.........             (no amulet)
HPRegen  0.29/turn              w - +4 ring of intelligence
MPRegen  0.14/turn              (no ring)

@: tree-form (expiring), hasted, lightly drained, very quick
A: powered by death 2
a: Heroism, Finesse, Renounce Religion


You were on level 8 of the Dungeon.
You worshipped Okawaru.
Okawaru was extremely pleased with you.
You were very hungry.
You were a tree.
You visited 1 branch of the dungeon, and saw 8 of its levels.

You collected 376 gold pieces.
You spent 318 gold pieces at shops.

Inventory:

Hand Weapons
 a - a +2 war axe (weapon)
 u - the +3 quarterstaff of Earthquakes {freeze, Int+6}
   (You found it on level 5 of the Dungeon)

   It has been specially enchanted to freeze those struck by it, causing extra
   injury to most foes and up to half again as much damage against particularly
   susceptible opponents.
   It can also slow down cold-blooded creatures.
   It affects your intelligence (+6).
Armour
 c - a +0 helmet (melded)
 d - a +3 chain mail of fire resistance (melded)
 o - a +1 pair of gloves (melded)
 D - a +0 cloak of magic resistance (melded)
Jewellery
 b - an uncursed ring of ice
 t - an uncursed ring of ice
 w - a +4 ring of intelligence (left branch)
Wands
 h - a wand of digging (6)
Scrolls
 e - 3 scrolls of magic mapping
 g - 5 scrolls of teleportation
Potions
 k - a potion of haste
 l - 2 potions of brilliance {unknown}
 m - a potion of magic {unknown}
 q - a potion of flight {unknown}
 r - a potion of invisibility {unknown}
 s - 2 potions of might {unknown}
 v - a potion of resistance
 x - a potion of curing {unknown}
 z - a potion of mutation {unknown}
 C - a potion of agility {unknown}
 F - a potion of ambrosia {unknown}
Comestibles
 f - 13 rations


   Skills:
 * Level 6.1(5.7) Fighting
 + Level 6.6(6.2) Axes
 + Level 4.6(4.3) Staves
 - Level 1.7(1.4) Throwing
 * Level 6.1(5.8) Armour
 + Level 4.4(4.1) Dodging
 * Level 6.6(6.3) Invocations
 * Level 5.0(4.7) Evocations


You had 9 spell levels left.
You didn't know any spells.
Your spell library was empty.

Dungeon Overview and Level Annotations

Branches:
Dungeon (8/15)             Temple (0/1) D:7
   Lair: D:8-11

Altars:
Gozag
Okawaru
Qazlal
Sif Muna
Uskayaw
Vehumet
Zin
The Shining One

Shops:
D:8 *


Innate Abilities, Weirdness & Mutations

((You have sharp fingernails.))
You regenerate health from kills.


Message History

The deep troll bites you but does no damage.
The deep troll claws you.
* * * LOW HITPOINT WARNING * * *
The deep troll claws you.
* * * LOW HITPOINT WARNING * * *
You barely miss the deep troll.
The deep troll is severely wounded.
You closely miss the deep troll.
The deep troll is severely wounded.
The deep troll bites you!
* * * LOW HITPOINT WARNING * * *
The deep troll completely misses you.
The deep troll claws you but does no damage.
You slash the deep troll!
The deep troll is almost dead.
The deep troll bites you!
* * * LOW HITPOINT WARNING * * *
The deep troll claws you but does no damage.
The deep troll claws you!
You die...

#
#..#####.########...########
# #[.).....#### #...........
# #...........# #......[....
###########.# #.##########
#.# #........... #.#
############ #a# #T# ####♣#
#<...# ######


You could see a deep troll and a worker ant.

Vanquished Creatures
  Pikel (D:3)
  Joseph (D:8)
  Maurice (D:8)
  Grinder (D:4)
  Prince Ribbit (D:7)
  Sigmund (D:4)
  A hippogriff (D:6)
  An orc warrior (D:8)
  2 ice beasts
  3 ogres
  2 phantoms
  3 centaurs
  A crocodile (D:7)
  2 bullfrogs (D:6)
  A water moccasin skeleton (D:8)
  3 killer bees (D:7)
  A howler monkey (D:5)
  7 crimson imps
  4 orc priests
  A hound (D:4)
  2 jellies
  A quasit (D:8)
  Crazy Yiuf (D:7)
  2 centaur skeletons
  A gnoll shaman (D:7)
  6 iguanas
  4 worker ants
  5 orc wizards
  A hound skeleton (D:5)
  A hound zombie (D:6)
  17 gnolls
  4 adders
  A shadow imp (D:7)
  An ooze (D:1)
  2 adder skeletons
  An adder zombie (D:8)
  5 worms
  3 dart slugs
  7 leopard geckos
  17 orcs
  13 bats
  6 giant cockroaches
  7 goblins
  9 hobgoblins
  14 jackals
  4 kobolds
  3 quokkas
  2 ball pythons (D:2)
  5 frilled lizards
  A leopard gecko skeleton (D:6)
  A quokka zombie (D:6)
  21 rats
206 creatures vanquished.

Notes
Turn   | Place    | Note
-------+----------+-------------------------------------------
     0 | D:1      | oros the Demonspawn Gladiator began the quest for the Orb.
     0 | D:1      | Reached XP level 1. HP: 16/16 MP: 1/1
    33 | D:1      | Gained mutation: You regenerate a little health from kills.
                  | [demonic ancestry]
    33 | D:1      | Reached XP level 2. HP: 15/22 MP: 2/2
   649 | D:1      | Reached XP level 3. HP: 27/28 MP: 3/3
  1061 | D:1      | Reached skill level 1 in Armour
  1653 | D:2      | Found an iron altar of Okawaru.
  1658 | D:2      | Found a radiant altar of Vehumet.
  1667 | D:2      | Found a glowing silver altar of Zin.
  1676 | D:2      | Became a worshipper of Warmaster Okawaru
  1718 | D:2      | Reached XP level 4. HP: 34/34 MP: 4/4
  2186 | D:2      | HP: 1/34 [orc priest/divine providence (14)]
  2598 | D:2      | Reached skill level 1 in Invocations
  2879 | D:3      | Gained mutation: You regenerate health from kills. [demonic
                  | ancestry]
  2879 | D:3      | Reached XP level 5. HP: 40/40 MP: 5/5
  2940 | D:3      | Found a deep blue altar of Sif Muna.
  3112 | D:3      | Found a stormy altar of Qazlal.
  3419 | D:4      | Noticed a slave
  3419 | D:4      | Noticed a slave
  3420 | D:4      | Noticed Pikel
  3421 | D:4      | Noticed a slave
  3646 | D:4      | Noticed Grinder
  3670 | D:4      | Paralysed by Grinder for 6 turns
  3690 | D:4      | Paralysed by Grinder for 5 turns
  3697 | D:4      | Paralysed by Grinder for 6 turns
  3711 | D:4      | Paralysed by Grinder for 3 turns
  3722 | D:4      | Killed Grinder
  3722 | D:4      | Reached * piety under Okawaru
  3722 | D:4      | Reached skill level 1 in Evocations
  3722 | D:4      | Reached XP level 6. HP: 15/47 MP: 7/7
  4057 | D:4      | Noticed Sigmund
  4120 | D:4      | Killed Sigmund
  4120 | D:4      | Reached XP level 7. HP: 4/52 MP: 7/9
  5166 | D:3      | Killed Pikel
  5166 | D:3      | Reached ** piety under Okawaru
  5166 | D:3      | Reached skill level 5 in Axes
  5166 | D:3      | Gained mutation: You have sharp fingernails. [demonic
                  | ancestry]
  5166 | D:3      | Reached XP level 8. HP: 26/60 MP: 10/10
  5434 | D:5      | Entered Level 5 of the Dungeon
  5922 | D:5      | Got a polished quarterstaff
  5962 | D:5      | Identified the cursed +3 quarterstaff of Earthquakes
                  | {freeze, Int+6} (You found it on level 5 of the Dungeon)
  6020 | D:5      | Found an opulent altar of Gozag.
  6039 | D:5      | Reached *** piety under Okawaru
  6039 | D:5      | Reached skill level 5 in Armour
  6757 | D:5      | Reached skill level 1 in Staves
  7028 | D:6      | Noticed a hippogriff
  7037 | D:6      | Killed a hippogriff
  7037 | D:6      | Reached skill level 5 in Invocations
  7037 | D:6      | Reached XP level 9. HP: 59/67 MP: 12/12
  7394 | D:6      | Reached **** piety under Okawaru
  7485 | D:6      | Reached skill level 5 in Fighting
  7715 | D:7      | Noticed Prince Ribbit
  7786 | D:7      | Killed Prince Ribbit
  7786 | D:7      | Received a gift from Okawaru
  7809 | D:7      | Found a staircase to the Ecumenical Temple.
  8010 | D:7      | Found a runed translucent door.
  8011 | D:7      | Noticed Crazy Yiuf
  8099 | D:7      | Found a glowing golden altar of the Shining One.
  8443 | D:7      | Killed Crazy Yiuf
  8527 | D:8      | Found Jeschu's General Store.
  8535 | D:8      | Bought a +3 chain mail of fire resistance for 318 gold
                  | pieces
  8725 | D:8      | Noticed Joseph
  8745 | D:8      | Killed Joseph
  8993 | D:8      | Found a hide-covered altar of Uskayaw.
  9061 | D:8      | Reached XP level 10. HP: 21/76 MP: 14/14
  9680 | D:8      | Noticed Maurice
  9692 | D:8      | Killed Maurice
  9692 | D:8      | Reached ***** piety under Okawaru
  9695 | D:8      | Reached skill level 5 in Evocations
  9884 | D:8      | Noticed a salamander
  9896 | D:8      | Noticed a manticore
  9896 | D:8      | a salamander changed into a manticore
 10206 | D:8      | Noticed a deep troll
 10219 | D:8      | HP: 1/114 [deep troll (shapeshifter) (11)]
 10225 | D:8      | Slain by a deep troll (shapeshifter)

Levels and vault maps discovered:
D:1:      erik_arrival_orb_chamber, layout_basic
D:2:      layout_rooms, grunt_temple_overflow_open
D:3:      layout_basic, led_sif_book, nicolae_qazlal_general_emergency
D:4:      layout_layer_cave, chequers_big_river, uniq_pikel, uniq_sigmund,
          uniq_grinder
D:5:      layout_gridville, first_ration, minmay_statues_item,
          nicolae_gozag_seed_capital
D:6:      layout_basic
D:7:      layout_rooms, kennysheep_little_box, minmay_temple_entry_glassed_door,
          minmay_lizard_king, uniq_crazy_yiuf_cottage, uniq_prince_ribbit1
D:8:      layout_basic, serial_shops, shop, basic_altar, uniq_maurice,
          uniq_joseph

Skill      XL: |  1  2  3  4  5  6  7  8  9 10 |
---------------+-------------------------------+-----
Axes           | 3 4 5 6 |  6.6
Armour         | 1 2 4 5 6 |  6.1
Dodging        | 3 4 |  4.4
Invocations    | 1 2 3 5 6 |  6.6
Fighting       | 3 4 5 6 |  6.1
Evocations     | 1 2 3 4 5 |  5.0
Staves         | 2 4 |  4.6
Throwing       | |  1.7

Action                   |  1- 3 |  4- 6 |  7- 9 | 10-12 || total
-------------------------+-------+-------+-------+-------++-------
Melee: War axe           |   135 |   143 |   135 |    86 ||   499
       Quarterstaff      |       |       |   304 |       ||   304
Throw: Throwing net      |     3 |     3 |     3 |       ||     9
       Javelin           |       |       |       |     4 ||     4
Evoke: Wand              |       |     3 |     5 |     1 ||     9
  Use: Scroll            |     5 |     2 |     8 |     2 ||    17
       Potion            |       |     1 |     1 |     4 ||     6
 Stab: Sleeping          |     1 |       |       |       ||     1
       Held in net/web   |     3 |       |     2 |       ||     5
  Eat: Chunk             |     3 |     6 |    15 |     2 ||    26
       Ration            |       |       |     1 |       ||     1
Armor: Leather armour    |    42 |    12 |       |       ||    54
       Ring mail         |       |    39 |   141 |       ||   180
       Skin              |       |    16 |    14 |    17 ||    47
       Scale mail        |       |       |    32 |       ||    32
       Chain mail        |       |       |    31 |    60 ||    91
Dodge: Dodged            |    80 |    88 |   291 |    53 ||   512

Table legend:
 A = Non-vault XP
 B = Vault XP
 C = Vault XP percentage of total XP
 D = Non-vault monster count
 E = Vault monster count
 F = Vault count percentage of total count
                 A         B        C        D         E       F
            +---------+---------+-------+---------+---------+-------
      Total |    3898 |    2669 |  40.6 |     178 |      28 |  13.6
            +---------+---------+-------+---------+---------+-------
        D:1 |      61 |      12 |  16.4 |      31 |      12 |  27.9
        D:2 |     107 |       0 |   0.0 |      24 |       0 |   0.0
        D:3 |      55 |     663 |  92.3 |      23 |       1 |   4.2
        D:4 |     147 |     509 |  77.6 |      12 |       2 |  14.3
        D:5 |     974 |       0 |   0.0 |      32 |       0 |   0.0
        D:6 |     832 |       0 |   0.0 |      17 |       0 |   0.0
        D:7 |     620 |     481 |  43.7 |      19 |      11 |  36.7
        D:8 |    1102 |    1004 |  47.7 |      20 |       2 |   9.1
            +---------+---------+-------+---------+---------+-------
